 Dungeon Crawl Stone Soup version 0.27.1-33-g824d729ab1 (webtiles) character file.

Game seed: 800800180367321115

252 spacecowboy273 the Basher (level 5, -1/46 HPs)
             Began as a Minotaur Berserker on Dec 4, 2021.
             Was a Believer of Trog.
             Succumbed to a hornet's poison
             ... on level 4 of the Dungeon.
             The game lasted 00:06:28 (3383 turns).

spacecowboy273 the Basher (Minotaur Berserker)      Turns: 3383, Time: 00:06:28

Health: -1/46      AC:  6    Str: 22    XL:     5   Next: 89%
Magic:  4/4        EV: 10    Int:  5    God:    Trog [**....]
Gold:   116        SH:  0    Dex:  9    Spells: 4/4 levels left

rFire    . . .     SeeInvis .   a - +0 mace
rCold    . . .     Faith    .   (no shield)
rNeg     . . .     Spirit   .   g - +0 scale mail
rPois    +         Reflect  .   (helmet restricted)
rElec    .         Harm     .   (no cloak)
rCorr    .         Rampage  .   (no gloves)
Will     .....                  (no boots)
Stlth    ..........             (no amulet)
HPRegen  0.15/turn              m - ring of poison resistance
MPRegen  0.09/turn              (no ring)

@: lethally poisoned (-1 -> -7)
A: horns 2, retaliatory headbutt
a: Renounce Religion, Berserk, Trog's Hand


You were on level 4 of the Dungeon.
You worshipped Trog.
Trog was pleased with you.
You visited 1 branch of the dungeon, and saw 4 of its levels.

You collected 116 gold pieces.

Inventory:

Hand Weapons
 a - a +0 mace (weapon)
Missiles
 i - 6 javelins (quivered)
 n - a throwing net
Armour
 b - a +0 animal skin
 c - a +0 leather armour
 e - a +0 ring mail
 g - a +0 scale mail (worn)
Jewellery
 f - a ring of poison resistance
 m - a ring of poison resistance (left hand)
 p - an amulet of faith
Scrolls
 h - 4 scrolls of teleportation
 k - a scroll of enchant armour {unknown}
 l - a scroll of fog {unknown}
 o - a scroll of fear {unknown}
 r - a scroll of immolation {unknown}
Potions
 d - 3 potions of curing
 j - a potion of attraction
 q - a potion of invisibility {unknown}


   Skills:
 - Level 3.7 Fighting
 + Level 8.0 Maces & Flails
 - Level 2.4 Armour
 - Level 2.2 Dodging


You had 4 spell levels left.
You didn't know any spells.
Your spell library was empty.

Dungeon Overview and Level Annotations

Branches:
Dungeon (4/15)
 Temple: D:4-7

Altars:

Shops:
D:2 [


Innate Abilities, Weirdness & Mutations

You have a pair of horns on your head.
You reflexively headbutt those who attack you in melee.


Message History

No target in view!
No target in view!
Things that are here:
a +0 whip; an orc corpse
r - a scroll labelled EROKKIFOAQ
Found a scroll labelled BEOTEEZXOBB.
Found a pearl ring.
A hornet comes into view.
The hornet buzzes angrily.
A hornet is nearby!
The hornet stings you!
You feel yourself slow down.
You hit the hornet.
The hornet is lightly wounded.
The hornet stings you but does no damage.
The hornet stings you.
You hit the hornet.
The hornet is moderately wounded.
You feel yourself speed up. The hornet stings you.
The hornet closely misses you. You furiously retaliate!
You headbutt the hornet. You barely miss the hornet.
Your headbutt misses the hornet.
The hornet is moderately wounded.
The hornet stings you.
You are poisoned.
The hornet stings you!
* * * LOW HITPOINT WARNING * * *
You are too injured to fight recklessly!
You are too injured to fight recklessly!
You are too injured to fight recklessly!
You are too injured to fight recklessly!
* * * LOW HITPOINT WARNING * * *
You feel very sick.
A goblin comes into view. It is wielding a +0 dagger.
* * * LOW HITPOINT WARNING * * *
You feel very sick.
The goblin shouts!
The hornet closely misses you.
* * * LOW HITPOINT WARNING * * *
You feel sick.
You die...

..... ........#
...... ....=..
.... #....#
...##...#
#.#....# #..?..##
## . ##...y#
#...#
#....##....# ..
#...@...# ..#
##.....###
#..###......##
.#..#.g......###.
.......#.........
..
......#...###..##
###.# ##......##
#.# ..#..#
###...## #.#
#...# #.[...##
#.# #...##


You could see a hornet and a goblin.

Vanquished Creatures
  A bullfrog zombie (D:3)
  Jessica (D:3)
  A scorpion zombie (D:3)
  7 gnolls
  A howler monkey skeleton (D:4)
  3 adders
  2 dart slugs (D:1)
  3 orcs
  5 ball pythons
  6 bats
  3 endoplasms
  3 giant cockroaches
  6 goblins
  5 hobgoblins
  A kobold (D:3)
  3 quokkas
  5 frilled lizards
  7 rats (D:1)
63 creatures vanquished.

Vanquished Creatures (others)
  2 plants (D:3)
2 creatures vanquished.

Grand Total: 65 creatures vanquished

Notes
Turn   | Place    | Note
-------+----------+-------------------------------------------
     0 | D:1      | spacecowboy273 the Minotaur Berserker began the quest for
                  | the Orb.
     0 | D:1      | Reached XP level 1. HP: 19/19 MP: 0/0
   101 | D:1      | Reached skill level 4 in Maces & Flails
   124 | D:1      | Reached XP level 2. HP: 25/27 MP: 1/1
   789 | D:1      | Reached skill level 5 in Maces & Flails
   789 | D:1      | Reached XP level 3. HP: 33/33 MP: 2/2
  1183 | D:2      | Found Gatyb's Antique Armour Shoppe.
  1410 | D:2      | Reached XP level 4. HP: 34/40 MP: 3/3
  1413 | D:2      | Reached skill level 6 in Maces & Flails
  1415 | D:2      | Reached ** piety under Trog
  1912 | D:3      | Reached skill level 7 in Maces & Flails
  1912 | D:3      | Reached XP level 5. HP: 37/46 MP: 4/4
  2112 | D:3      | Noticed Jessica
  2113 | D:3      | Killed Jessica
  2202 | D:3      | Found a faded altar of an unknown god.
  3356 | D:4      | Reached skill level 8 in Maces & Flails
  3374 | D:4      | Noticed a hornet
  3381 | D:4      | HP: 2/46 [poisoned by a hornet]
  3383 | D:4      | Succumbed to a hornet's poison

Illustrated notes

Levels and vault maps discovered:
D:1:      dpeg_arrival_orchard, layout_basic, corexii_leaking_fountain,
          minmay_circled_x
D:2:      layout_basic, serial_shops, shop
D:3:      layout_rooms, shapermc_ecumenical_altar_hornbeckon, uniq_jessica
D:4:      layout_layer_cave

Skill      XL: |  1  2  3  4  5 |
---------------+----------------+-----
Maces & Flails | 4 5 7 8 |  8.0
Fighting       | |  3.7
Armour         | |  2.4
Dodging        | |  2.2

Action                   |  1- 3 |  4- 6 || total
-------------------------+-------+-------++-------
Melee: Mace              |    70 |    61 ||   131
       Headbutt          |    11 |    13 ||    24
  Use: Scroll            |       |     3 ||     3
Armor: Animal skin       |     2 |       ||     2
       Leather armour    |     3 |       ||     3
       Ring mail         |     6 |       ||     6
       Scale mail        |     6 |    23 ||    29
Dodge: Dodged            |    37 |    43 ||    80
